 Dungeon Crawl Stone Soup version 0.21.1-68-g103a7afc0a (webtiles) character file.

73 Kirk the Digger (level 4, -1/31 HPs)
             Began as a Formicid Earth Elementalist on Aug 2, 2018.
             Slain by Terence
             ... wielding a +0 trident
              (6 damage)
             ... on level 2 of the Dungeon.
             The game lasted 00:04:34 (1467 turns).

Kirk the Digger (Formicid Earth Elementalist)       Turns: 1467, Time: 00:04:34

Health: -1/31      AC:  3    Str: 13    XL:     4   Next: 51%
Magic:  1/9        EV: 12    Int: 15    God:
Gold:   52         SH:  0    Dex: 11    Spells: 3/9 levels left

rFire    . . .     SeeInvis +   a - +0 dagger
rCold    . . .     Gourm    .   (no shield)
rNeg     . . .     Faith    .   c - +0 robe
rPois    .         Spirit   .   (helmet unavailable)
rElec    .         Reflect  .   (no cloak)
rCorr    .         Harm     .   (no gloves)
MR       +....                  f - +0 pair of boots
Stlth    ++........             (no amulet)
HPRegen  0.10/turn              k - ring of protection from magic
MPRegen  0.11/turn              (no ring)

@: very slightly contaminated
A: permanent stasis, dig shafts and tunnels, four strong arms, antennae 3
a: Dig, Shaft Self


You were on level 2 of the Dungeon.
You were not hungry.

You visited 1 branch of the dungeon, and saw 2 of its levels.

You collected 52 gold pieces.

Inventory:

Hand Weapons
 a - a +0 dagger (weapon)
Missiles
 b - 20 stones (quivered)
Armour
 c - a +0 robe (worn)
 f - a +0 pair of boots (worn)
Jewellery
 k - a ring of protection from magic (left hand)
Scrolls
 h - a scroll of teleportation {unknown}
 m - a scroll of identify
Books
 e - a book of Geomancy

   Spells                             Type                      Level
   a - Sandblast                      Earth                        1
   b - Passwall                       Transmutation/Earth          2
   c - Stone Arrow                    Conjuration/Earth            3
   d - Petrify                        Transmutation/Earth          4
   e - Lee's Rapid Deconstruction     Earth                        5
Comestibles
 d - 3 rations


   Skills:
 + Level 0.7 Fighting
 - Level 1.7 Dodging
 - Level 2.4 Stealth
 + Level 3.4 Spellcasting
 + Level 1.1 Transmutations
 + Level 4.9 Earth Magic


You had 3 spell levels left.
You knew the following spells:

 Your Spells              Type           Power        Failure   Level  Hunger
a - Sandblast             Erth           ###...       2%          1    None
b - Passwall              Tmut/Erth      ##........   9%          2    ##.....
c - Stone Arrow           Conj/Erth      #.....       21%         3    ###....


Dungeon Overview and Level Annotations

Branches:
Dungeon (2/15)

Altars:

Annotations:
D:2 Terence


Innate Abilities, Weirdness & Mutations

You cannot be hasted, slowed, berserked, paralysed or teleported.
You can dig through walls and to a lower floor.
Your four strong arms can wield two-handed weapons with a shield.
You have a pair of large antennae on your head. (SInv)


Message History

Casting: Sandblast
Confirm with . or Enter, or press ? or * to list all spells.
Aiming: Sandblast
Press: ? - help, Shift-Dir - straight line, f/p - Terence
Aim: Terence, wielding a trident and wearing a scale mail (severely wounded)
The blast of sand misses Terence.
The blast of sand hits the goblin.
You kill the goblin!
b - 20 stones Terence hits you but does no damage.
You feel less wooden.
Your +0 pair of boots unmelds from your body.
Your +0 robe unmelds from your body.
Terence hits you from afar with a trident.
* * * LOW HITPOINT WARNING * * *
Terence hits you from afar with a trident.
* * * LOW HITPOINT WARNING * * *
Terence says, "Don't bother to defend, it's senseless."
There is a stone staircase leading up here.
Terence hits you from afar with a trident.
You die...

{ #.# ##.## ##...##### #.........
#....#.### { #############.#.##.#
# { #.............#.##.# # #
#######.#####.........##.# # .
.......>.@.@..####..#.##.# # .#
######.#####.# #..[....# # ..
###.#.# #.# ###....#.# #
..#######.....####.###....#...# #
..)..w{............##.......#.# #
..!######.#................##.###
......# #.##..####.##....####..##
#.....###.##..###.#.##.#.........
....>..##.##...†.###...#######<##


You could see Terence.

Vanquished Creatures
  3 adders (D:2)
  An ooze (D:2)
  A worm (D:2)
  9 bats
  2 giant cockroaches (D:1)
  6 goblins
  6 hobgoblins
  A jackal (D:2)
  A ball python (D:1)
  3 frilled lizards
  4 kobolds (D:1)
37 creatures vanquished.

Vanquished Creatures (others)
  7 toadstools
7 creatures vanquished.

Grand Total: 44 creatures vanquished

Notes
Turn   | Place    | Note
-------+----------+-------------------------------------------
     0 | D:1      | Kirk the Formicid Earth Elementalist began the quest for the Orb.
     0 | D:1      | Reached XP level 1. HP: 13/13 MP: 3/3
    96 | D:1      | Reached XP level 2. HP: 18/19 MP: 3/5
   158 | D:1      | Reached skill level 4 in Earth Magic
   840 | D:1      | Reached XP level 3. HP: 18/24 MP: 7/7
   995 | D:1      | Learned a level 2 spell: Passwall
   999 | D:1      | Learned a level 3 spell: Stone Arrow
  1207 | D:2      | Reached XP level 4. HP: 31/31 MP: 5/8
  1311 | D:2      | Noticed Terence
  1467 | D:2      | Slain by Terence

Skill      XL: |  1  2  3 |
---------------+----------+-----
Earth Magic    | 4 |  4.9
Spellcasting   | 3 |  3.4
Fighting       | |  0.7
Dodging        | |  1.7
Stealth        | |  2.4
Transmutations | |  1.1

Action                   |  1- 3 |  4- 6 || total
-------------------------+-------+-------++-------
Melee: Unarmed           |    11 |       ||    11
       Dagger            |    67 |    18 ||    85
 Cast: Sandblast         |    24 |    18 ||    42
       Stone Arrow       |       |     1 ||     1
  Use: Scroll            |     2 |       ||     2
       Potion            |       |     3 ||     3
 Stab: Sleeping          |     2 |       ||     2
  Eat: Chunk             |     1 |     1 ||     2
Armor: Robe              |    15 |     7 ||    22
       Skin              |       |    35 ||    35
Dodge: Dodged            |    44 |    35 ||    79
